 Dungeon Crawl Stone Soup version 0.23-a0-151-gf6d1ed2 (webtiles) character file.

7 azisjoha the Conjurer (level 2, -2/19 HPs)
             Began as a Human Conjurer on Sept 8, 2018.
             Killed from afar by Natasha (8 damage)
             ... with a magic dart
             ... on level 2 of the Dungeon.
             The game lasted 00:32:33 (1265 turns).

azisjoha the Conjurer (Human Conjurer)              Turns: 1265, Time: 00:32:33

Health: -2/19      AC:  6    Str:  8    XL:     2   Next: 10%
Magic:  5/5        EV:  8    Int: 15    God:
Gold:   38         SH:  0    Dex: 13    Spells: 4/5 levels left

rFire    . . .     SeeInvis .   f - +0 hand axe
rCold    . . .     Gourm    .   (no shield)
rNeg     . . .     Faith    .   o - +0 scale mail
rPois    .         Spirit   .   (no helmet)
rElec    .         Reflect  .   (no cloak)
rCorr    .         Harm     .   (no gloves)
MR       .....                  (no boots)
Stlth    +.........             (no amulet)
HPRegen  0.06/turn              (no ring)
MPRegen  0.09/turn              (no ring)

@: no status effects
A: no striking features
a: no special abilities


You were on level 2 of the Dungeon.
You were not hungry.

You visited 1 branch of the dungeon, and saw 2 of its levels.

You collected 38 gold pieces.

Inventory:

Hand Weapons
 f - a +0 hand axe (weapon)
 j - a +0 dagger
 m - a +0 hand axe
 n - a +0 dagger
 r - a +0 club
Missiles
 d - 40 arrows
 l - 3 poisoned needles
 s - 12 stones (quivered)
Armour
 a - a +0 robe
 g - a +0 ring mail
 h - a +0 robe
 o - a +0 scale mail (worn)
Jewellery
 q - an uncursed ring of wizardry {unknown}
Scrolls
 b - a scroll of teleportation {unknown}
 e - a scroll of identify {unknown}
 k - a scroll of fear {unknown}
 p - a scroll of magic mapping {unknown}
 t - a scroll of remove curse {unknown}
Potions
 i - a potion of lignification {unknown}
Comestibles
 c - 2 rations


   Skills:
 + Level 2.2 Dodging
 + Level 2.1 Stealth
 + Level 2.0 Spellcasting
 + Level 4.2 Conjurations


You had 4 spell levels left.
You knew the following spells:

 Your Spells              Type           Power        Failure   Level  Hunger
a - Magic Dart            Conj           ##..         38%         1    #......

Your spell library contained the following spells:

 Spells                   Type           Power        Failure   Level  Hunger
 Searing Ray              Conj           ##....       52%         2    ###....
 Dazzling Spray           Conj/Hex       #.....       96%         3    ###....
 Iskenderun's Mystic Bla  Conj           ##......     99%         4    #####..
 Force Lance              Conj/Tloc      #.......     100%        4    #####..
 Fulminant Prism          Conj/Hex       #.........   100%        4    #####..


Dungeon Overview and Level Annotations

Branches:
Dungeon (2/15)

Altars:

Annotations:
D:2 Natasha


Message History

You hit Natasha.
Natasha is lightly wounded.
Natasha barely misses you.
You hit Natasha.
Natasha is heavily wounded.
Natasha barely misses you.
You closely miss Natasha.
Natasha is heavily wounded.
Natasha claws you but does no damage. Natasha claws you!
You closely miss Natasha.
Natasha is heavily wounded.
Natasha barely misses you.
You barely miss Natasha.
Natasha is heavily wounded.
Natasha stares at you and mumbles some strange words.
The magic dart hits you!
Natasha mumbles some strange words.
Natasha casts a spell at you. The magic dart hits you!
You die...

#.......#..######.
#.#####.........# #.#
##.######.#
#######.#####...#####.##
.......................# ###
########...............# .#...
#.........#####.#
.?....#########.#.##...###....#
.$.........5h.@.#.# ####.###.#
......###########.# ### #...#.
..... .. ...#...#. .##. ##
#.#...#. # #.###.# ##....#
##.#.. #.... #.###


You could see Natasha and a white imp.

Vanquished Creatures
  A goblin (D:1)
  A hobgoblin (D:1)
  3 kobolds (D:1)
  A rat (D:1)
6 creatures vanquished.

Notes
Turn   | Place    | Note
-------+----------+-------------------------------------------
     0 | D:1      | azisjoha the Human Conjurer began the quest for the Orb.
     0 | D:1      | Reached XP level 1. HP: 13/13 MP: 3/3
   967 | D:1      | Reached XP level 2. HP: 17/19 MP: 5/5
  1251 | D:2      | Noticed Natasha
  1265 | D:2      | Killed from afar by Natasha

Vault maps used:
D:1:      evilmike_arrival_crescent, serial_forest,
          infiniplex_forest_clump_long, infiniplex_forest_fountain,
          infiniplex_forest_straight_4, infiniplex_forest_lined_ring,
          infiniplex_forest_side_room, infiniplex_forest_clump_cross
D:2:      first_ration, uniq_natasha, uniq_terence, uniq_jessica

Action                   || total
-------------------------++-------
Melee: Hand axe          ||    29
       Unarmed           ||     5
  Eat: Chunk             ||     1
Armor: Ring mail         ||     5
       Scale mail        ||     1
Dodge: Dodged            ||    18

Table legend:
 A = Non-vault XP
 B = Vault XP
 C = Vault XP percentage of total XP
 D = Non-vault monster count
 E = Vault monster count
 F = Vault count percentage of total count
                 A         B        C        D         E       F
            +---------+---------+-------+---------+---------+-------
      Total |      11 |       0 |   0.0 |       6 |       0 |   0.0
            +---------+---------+-------+---------+---------+-------
        D:1 |      11 |       0 |   0.0 |       6 |       0 |   0.0
            +---------+---------+-------+---------+---------+-------
